 Dungeon Crawl Stone Soup version 0.22-a0-379-ga9d99d6 (webtiles) character file.

786 Kairos the Shield-Bearer (level 7, -4/37 HPs)
             Began as a Vine Stalker Fighter on Apr 28, 2018.
             Slain by a killer bee (6 damage)
             ... on level 5 of the Dungeon.
             The game lasted 00:04:06 (2823 turns).

Kairos the Shield-Bearer (Vine Stalker Fighter)     Turns: 2823, Time: 00:04:06

Health: -4/37      AC:  6    Str: 20    XL:     7   Next: 87%
Magic:  0/8        EV:  8    Int:  8    God:
Gold:   278        SH: 10    Dex: 14    Spells: 6/6 levels left

rFire    . . .     SeeInvis .   a - +1 war axe
rCold    . . .     Gourm    .   c - +0 shield
rNeg     . . .     Faith    .   b - +0 scale mail
rPois    .         Spirit   +   (no helmet)
rElec    .         Reflect  .   (no cloak)
rCorr    .         Harm     .   (no gloves)
MR       .....                  (no boots)
Stlth    ..........             (no amulet)
HPRegen  0.52/turn              (no ring)
MPRegen  0.11/turn              (no ring)

@: no status effects
A: fangs 2, regeneration 1, magic shield, antimagic bite, no potion heal 3, rot
immunity
a: no special abilities


You were on level 5 of the Dungeon.
You were not hungry.

You visited 1 branch of the dungeon, and saw 5 of its levels.

You collected 278 gold pieces.

Inventory:

Hand Weapons
 a - a +1 war axe (weapon)
 e - a +2 spear of venom
 k - a +5 whip
Missiles
 j - 6 tomahawks (quivered)
Armour
 b - a +0 scale mail (worn)
 c - a +0 shield (worn)
Wands
 o - a wand of random effects (22)
Scrolls
 g - a scroll of remove curse
 h - a scroll of fear
 n - 3 scrolls of teleportation
 q - a scroll of blinking {unknown}
 s - a scroll of magic mapping {unknown}
 u - a scroll of enchant armour {unknown}
 v - a scroll of amnesia {unknown}
Potions
 d - a potion of ambrosia {unknown}
 i - 4 potions of curing
 l - a potion of brilliance
 r - a potion of berserk rage {unknown}
 t - a potion of flight {unknown}
Comestibles
 f - 11 rations


   Skills:
 + Level 4.1 Fighting
 + Level 5.0 Axes
 + Level 0.2 Throwing
 + Level 3.1 Armour
 + Level 1.2 Dodging
 + Level 0.3 Stealth
 + Level 5.0 Shields


You had 6 spell levels left.
You didn't know any spells.

Dungeon Overview and Level Annotations

Branches:
Dungeon (5/15)
 Temple: D:4-7

Altars:
Nemelex Xobeh


Innate Abilities, Weirdness & Mutations

You have extremely sharp teeth.
Your natural rate of healing is unusually fast.
When hurt, damage is shared between your health and your magic reserves.
Your bite disrupts and absorbs the magic of your enemies.
Potions cannot restore your health.
You are immune to rotting.


Message History

You closely miss the killer bee.
The killer bee is almost dead.
* * * LOW HITPOINT WARNING * * *
You feel sick. The killer bee stings you.
* * * LOW HITPOINT WARNING * * *
The killer bee stings you but does no damage. x2
You closely miss the killer bee.
The killer bee is severely wounded.
* * * LOW HITPOINT WARNING * * *
You feel sick.
The killer bee stings you but does no damage.
You block the killer bee's attack.
You miss the killer bee.
The killer bee is severely wounded.
* * * LOW HITPOINT WARNING * * *
You feel sick. The killer bee stings you.
* * * LOW HITPOINT WARNING * * *
You block the killer bee's attack. x2
Your system rejects the healing.
You feel better. The killer bee stings you!
You die...

#.##.##.# #>......#
####.#### #.# #.#
#.# #.# .
#.########## ...
#...@y.yyoo###.....
##########yy).y....
#####.####


You could see 5 killer bees and 2 orcs.

Vanquished Creatures
  Sigmund (D:3)
  A sky beast (D:5)
  An ogre (D:4)
  A howler monkey (D:4)
  A hound (D:4)
  An orc priest (D:3)
  An iguana (D:2)
  3 orc wizards (D:3)
  Natasha (thrice) (D:2)
  7 adders
  An adder skeleton (D:4)
  2 dart slugs (D:1)
  2 leopard geckos
  15 orcs
  3 giant cockroaches
  8 hobgoblins
  13 jackals
  A quokka (D:3)
  A ball python (D:1)
  5 bats
  6 frilled lizards
  5 goblins
  A jackal skeleton (D:4)
  6 kobolds
  7 rats
96 creatures vanquished.

Notes
Turn   | Place    | Note
-------+----------+-------------------------------------------
     0 | D:1      | Kairos the Vine Stalker Fighter began the quest for the Orb.
     0 | D:1      | Reached XP level 1. HP: 11/11 MP: 2/2
   159 | D:1      | Reached XP level 2. HP: 7/16 MP: 1/3
   434 | D:1      | Reached XP level 3. HP: 15/19 MP: 2/4
   739 | D:2      | Gained mutation: Your natural rate of healing is unusually fast. [Vine Stalker growth]
   739 | D:2      | Reached XP level 4. HP: 1/24 MP: 0/5
   870 | D:2      | Found a sparkling altar of Nemelex Xobeh.
  1117 | D:2      | Noticed Natasha
  1126 | D:2      | Killed Natasha
  1137 | D:2      | Noticed Natasha
  1140 | D:2      | Killed Natasha
  1140 | D:2      | Reached XP level 5. HP: 21/28 MP: 4/6
  1188 | D:2      | Noticed Natasha
  1200 | D:2      | Killed Natasha
  1366 | D:3      | Reached XP level 6. HP: 15/32 MP: 3/7
  1525 | D:3      | Found a faded altar of an unknown god.
  1923 | D:3      | Noticed Sigmund
  1936 | D:3      | Killed Sigmund
  1936 | D:3      | Reached XP level 7. HP: 23/37 MP: 8/8
  2111 | D:4      | Reached skill level 1 in Dodging
  2232 | D:4      | Reached skill level 5 in Shields
  2762 | D:5      | Entered Level 5 of the Dungeon
  2766 | D:5      | Reached skill level 5 in Axes
  2822 | D:5      | HP: 1/37 [killer bee (3)]
  2823 | D:5      | Slain by a killer bee

Vault maps used:
D:1:      lightli_arrival_statue_moat
D:2:      nemelex_spade_bored_becter, uniq_natasha
D:3:      chequers_ecumenical_altar_twisty, first_ration, uniq_sigmund
D:5:      hangedman_abyss_or_decor_stagger

Skill      XL: |  1  2  3  4  5  6  7 |
---------------+----------------------+-----
Shields        | 3 4 5 |  5.0
Axes           | 2 3 4 5 |  5.0
Fighting       | 3 4 |  4.1
Dodging        | 1 |  1.2
Armour         | 3 |  3.1
Throwing       | |  0.2
Stealth        | |  0.3

Action                   |  1- 3 |  4- 6 |  7- 9 || total
-------------------------+-------+-------+-------++-------
Melee: War axe           |    87 |   117 |    64 ||   268
       Bite              |    17 |    29 |    16 ||    62
Throw: Tomahawk          |       |       |     2 ||     2
  Use: Potion            |     1 |       |     1 ||     2
       Scroll            |       |     5 |     3 ||     8
  Eat: Chunk             |       |     3 |     4 ||     7
Armor: Scale mail        |    47 |    27 |    18 ||    92
Dodge: Dodged            |    36 |    31 |    28 ||    95
Block: Shield            |    58 |    76 |    46 ||   180

Table legend:
 A = Spawn XP
 B = Non-spawn XP
 C = Spawn XP percentage of total XP
 D = Spawn monster count
 E = Non-spawn monster count
 F = Spawn count percentage of total count
 G = Total turns spent on level
                    A         B        C        D         E        F      G
               +---------+---------+-------+---------+---------+-------+---------
         Total |       0 |    1124 |   0.0 |       0 |      96 |   0.0 |  2823
               +---------+---------+-------+---------+---------+-------+---------
           D:1 |       0 |      42 |   0.0 |       0 |      24 |   0.0 |   718
           D:2 |       0 |     206 |   0.0 |       0 |      22 |   0.0 |   628
           D:3 |       0 |     460 |   0.0 |       0 |      24 |   0.0 |   706
           D:4 |       0 |     280 |   0.0 |       0 |      24 |   0.0 |   710
           D:5 |       0 |     136 |   0.0 |       0 |       2 |   0.0 |    61
               +---------+---------+-------+---------+---------+-------+---------
